 Dungeon Crawl Stone Soup version 0.30-b1-2-g02819fbbbe (webtiles) character file.

Game seed: 4084724146306809978

1250 nightchill the Cutter (level 8, -2/35 (44) HPs)
             Began as a Vine Stalker Fighter on Jan 8, 2024.
             Slain by a wight
             ... wielding a +0 halberd
              (8 damage)
             ... on level 8 of the Dungeon.
             The game lasted 00:09:20 (3964 turns).

nightchill the Cutter (Vine Stalker Fighter)        Turns: 3964, Time: 00:09:21

HP:   -2/35 (44)    AC:  9    Str: 21    XL:     8   Next: 50%
MP:   0/9           EV:  9    Int:  8    God:
Gold: 219           SH:  4    Dex: 14    Spells: 7/7 levels left

rFire   + . .        x - +4 dagger
rCold   . . .        c - +0 buckler
rNeg    . . .        z - +2 scale mail {rF+}
rPois   .            (no helmet)
rElec   .            l - +0 cloak
rCorr   .            (no gloves)
SInv    .            (no boots)
Will    +....        p - amulet of magic regeneration Stlth
                     (no ring)
HPRegen 1.05/turn    (no ring)
MPRegen 0.51/turn

%: guardian spirit
@: heavily drained
A: fangs 3, regeneration 1, magic shield, antimagic bite, no potion heal 2
a: no special abilities


You were on level 8 of the Dungeon.
You visited 1 branch of the dungeon, and saw 6 of its levels.

You collected 219 gold pieces.

Inventory:

Hand Weapons
 a - a +0 dagger of venom
 x - a +4 dagger (weapon)
 A - a +0 rapier
Missiles
 y - a throwing net (quivered)
Armour
 b - a +0 scale mail
 c - a +0 buckler (worn)
 l - a +0 cloak (worn)
 z - a +2 scale mail of fire resistance (worn)
Jewellery
 p - an amulet of magic regeneration (around neck)
 t - a ring of positive energy
 u - a ring of fire
Scrolls
 f - a scroll of brand weapon {unknown}
 g - 3 scrolls of fog {unknown}
 h - 3 scrolls of magic mapping {unknown}
 j - 3 scrolls of poison {unknown}
 m - 2 scrolls of amnesia {unknown}
 r - 2 scrolls of identify {unknown}
 s - a scroll of teleportation {unknown}
 v - 2 scrolls of enchant armour {unknown}
 w - 2 scrolls of fear {unknown}
 C - a scroll of blinking {unknown}
 D - a scroll of noise {unknown}
 E - a scroll of enchant weapon {unknown}
Potions
 d - a potion of ambrosia {unknown}
 e - 2 potions of curing
 i - a potion of attraction {unknown}
 k - a potion of resistance {unknown}
 n - a potion of degeneration {unknown}
 o - a potion of heal wounds {unknown}
 q - 2 potions of haste {unknown}
 B - a potion of magic {unknown}


   Skills:
 + Level 5.9 Fighting
 * Level 7.6 Short Blades
 - Level 2.4 Armour
 - Level 2.6 Shields


You had 7 spell levels left.
You didn't know any spells.
Your spell library was empty.

Dungeon Overview and Level Annotations

Branches:
Dungeon (5/15)
 Temple: D:4-7

Altars:
Dithmenos

Portals:
Ossuary: D:8

Annotations:
D:5 3 runed translucent doors, shugdite's ghost, novice MiFi


Innate Abilities, Weirdness & Mutations

You have razor-sharp teeth.
Your natural rate of healing is unusually fast.
When hurt, damage is shared between your health and your magic reserves.
Your bite disrupts and absorbs the magic of your enemies.
Potions cannot restore your health.


Message History

The wight hits you with a +0 long sword.
* * * LOW HITPOINT WARNING * * *
You feel drained.
* * * LOW HITPOINT WARNING * * *
The wight hits you from afar with a +0 halberd.
* * * LOW HITPOINT WARNING * * *
You hit the wight. Your bite misses the wight.
The wight is severely damaged.
The wight hits you but does no damage.
You closely miss the wight. You bite the wight. You drain its power.
You feel invigorated.
The wight is almost destroyed.
You barely miss the wight.
The wight is almost destroyed.
The wight hits you with a +0 long sword.
* * * LOW HITPOINT WARNING * * *
You feel drained.
You hit the wight but do no damage. You bite the wight.
You destroy the wight!
You block the wight's attack.
Things that are here:
a +0 long sword; a +0 robe You barely miss the wight.
You bite the wight, but do no damage. The wight hits you with a +5 battleaxe!
* * * LOW HITPOINT WARNING * * *
You feel drained.
* * * LOW HITPOINT WARNING * * *
You closely miss the wight. Your bite misses the wight.
The wight hits you with a +5 battleaxe!
* * * LOW HITPOINT WARNING * * *
You feel drained.
* * * LOW HITPOINT WARNING * * *
The wight hits you from afar with a +0 halberd.
* * * LOW HITPOINT WARNING * * *
You feel drained.
* * * LOW HITPOINT WARNING * * *
You hit the wight but do no damage. You hit the wight but do no damage.
Your bite misses the wight.
The wight hits you from afar with a +0 halberd!
You die...

.. ......... .
#...#..# .
#...8..# #.
#......#
#.##.8.∩.8#
#...[.....##.
#......8......
......#z#.#...#..
####. #@##....###
#. #.#....... ..
#.z.......# ##
###.......#
#....## #...#
#.## .# #


You could see 2 wights.

Vanquished Creatures
  Grinder (D:5)
  Eustachio (D:4)
  An ogre (D:5)
  A phantom (D:5)
  A jelly (D:5)
  2 scorpions
  2 wights (D:8)
  A gnoll bouda (D:5)
  3 hounds
  2 orc priests (D:3)
  A sleepcap (D:4)
  An orc wizard (D:5)
  An iguana (D:5)
  9 gnolls
  5 adders
  A worm (D:4)
  4 dart slugs
  14 orcs
  9 ball pythons
  6 endoplasms
  2 giant cockroaches
  7 goblins
  8 hobgoblins
  A jackal (D:4)
  6 kobolds
  3 quokkas
  6 bats
  5 frilled lizards
  2 rats
106 creatures vanquished.

Notes
Turn   | Place    | Note
-------+----------+-------------------------------------------
     0 | D:1      | nightchill the Vine Stalker Fighter began the quest for the
                  | Orb.
     0 | D:1      | Reached XP level 1. HP: 11/11 MP: 2/2
    76 | D:1      | Reached skill level 2 in Short Blades
   181 | D:1      | Reached XP level 2. HP: 16/16 MP: 1/3
   727 | D:1      | Reached XP level 3. HP: 18/20 MP: 4/4
  1138 | D:2      | Found a faded altar of an unknown god.
  1165 | D:2      | Reached skill level 3 in Short Blades
  1552 | D:3      | Gained mutation: Your natural rate of healing is unusually
                  | fast. [Vine Stalker growth]
  1552 | D:3      | Reached XP level 4. HP: 24/24 MP: 5/5
  1748 | D:3      | Reached skill level 4 in Short Blades
  1748 | D:3      | Reached XP level 5. HP: 28/29 MP: 6/6
  2098 | D:4      | Found a shadowy altar of Dithmenos.
  2180 | D:4      | Reached XP level 6. HP: 5/33 MP: 4/7
  2327 | D:4      | Noticed Eustachio
  2369 | D:4      | Killed Eustachio
  2370 | D:4      | Reached skill level 5 in Short Blades
  2504 | D:4      | Reached XP level 7. HP: 23/38 MP: 8/8
  2827 | D:5      | Entered Level 5 of the Dungeon
  2915 | D:5      | HP: 1/38 [gnoll/+0 halberd[a gnoll bouda] (7)]
  3069 | D:4      | Reached skill level 6 in Short Blades
  3155 | D:5      | Found a runed translucent gate.
  3155 | D:5      | Found a runed translucent gate.
  3155 | D:5      | Found a runed translucent gate.
  3176 | D:5      | Reached skill level 5 in Fighting
  3246 | D:5      | HP: 1/39 [ogre/+0 giant club (11)]
  3249 | D:5      | Gained mutation: You have razor-sharp teeth. [Vine Stalker
                  | growth]
  3249 | D:5      | Reached XP level 8. HP: 4/43 MP: 2/9
  3463 | D:5      | Noticed shugdite's ghost (novice MiFi)
  3616 | D:5      | Noticed Grinder
  3626 | D:5      | Killed Grinder
  3627 | D:5      | Reached skill level 7 in Short Blades
  3932 | D:5      | You fall into a shaft and drop 3 floors!
  3934 | D:8      | Found a sand-covered staircase.
  3964 | D:8      | Slain by a wight

Illustrated notes

Levels and vault maps discovered:
D:1:      wander_arrival_desolate, layout_loops_corners
D:2:      layout_basic, hellmonk_ecumenical_altar_run_dry
D:3:      layout_rooms
D:4:      cheibrodos_barr_body, layout_loops_cross, old_standard_altar,
          uniq_eustachio
D:5:      layout_loops_corners, gammafunk_ghost_icy, minmay_stone_trees_small,
          uniq_grinder, uniq_ijyb
D:8:      layout_loops_ring, mainiacjoe_overflow_surrounded_room,
          david_lair_generic, nicolae_ossuary_entry_monument

Skill      XL: |  1  2  3  4  5  6  7  8 |
---------------+-------------------------+-----
Short Blades   | 2 3 4 5 6 7 |  7.6
Fighting       | 3 4 5 |  5.9
Armour         | |  2.4
Shields        | |  2.6

Action                     |  1- 3 |  4- 6 |  7- 9 || total
---------------------------+-------+-------+-------++-------
  Melee: Rapier            |   122 |    80 |       ||   202
         Bite              |    26 |    43 |    62 ||   131
         Dagger            |       |    66 |   186 ||   252
    Use: Potion            |       |     1 |     1 ||     2
 Armour: Scale mail        |    67 |    57 |    47 ||   171
  Dodge: Dodged            |    82 |    64 |    56 ||   202
  Block: Buckler           |    31 |    25 |    25 ||    81
